 Dungeon Crawl Stone Soup version 0.30-a0-847-g17996783a1 (webtiles) character file.

Game seed: 4806671668989964795

1576543 Pimp the Hoplite (level 26, 263/263 HPs)
             Began as an Armataur Fighter on Mar 1, 2023.
             Was the Champion of Okawaru.
             Escaped with the Orb
             ... and 3 runes on Mar 3, 2023!
             The game lasted 05:56:32 (80440 turns).

Pimp the Hoplite (Armataur Fighter)                Turns: 80440, Time: 05:56:32

Health: 263/263    AC: 60    Str: 31 (33) XL:     26   Next: 93%
Magic:  23/23      EV: 17    Int: 15 (16) God:    Okawaru [******]
Gold:   6088       SH: 33    Dex: 20 (23) Spells: 25/25 levels left

rFire   + + +      SeeInvis +    o - +4 consecrated labrys {holy, Valiant Fragile Fly SInv}
rCold   + . .      Faith    .    g - +9 kite shield of Gravity {rN+}
rNeg    + + +      Spirit   .    R - +7 crystal plate armour {rC+}
rPois   +          Reflect  +    E - +2 helmet {Int+3}
rElec   +          Roll     +    r - +3 cloak "Taugen" {rPois rN+ Regen+ Int+4}
rCorr   .                        K - +0 pair of fencer's gloves {Riposte Dex+3}
Will    +....                    P - +7 barding of Articulation {Str+4} Stlth
                                 c - amulet "Decyo" {Reflect Dex+6 SH+5}
HPRegen 1.43/turn                n - ring of the Locust {rElec rF+ rN+ EV+5 Dex+2}
MPRegen 0.18/turn                u - ring of protection from fire

@: flying, studying 2 skills
A: large, rugged brown scales 3, deformed body, armoured tail, roll, long
tongue, awkward tongue, stinger 1, deterioration 2, fire resistance 1, mutation
resistance 1, weak 1
0: Orb of Zot
}: 3/15 runes: serpentine, barnacled, silver
a: Renounce Religion, Heroism, Finesse, Duel


You escaped.
You worshipped Okawaru.
Okawaru was exalted by your worship.
You visited 11 branches of the dungeon, and saw 51 of its levels.
You visited the Abyss 2 times.
You also visited: Trove, Ice Cave, Wizlab and Desolation.

You collected 8622 gold pieces.
You spent 2534 gold pieces at shops.

Inventory:

Hand Weapons
 o - the +4 consecrated labrys (weapon) {holy, Valiant Fragile Fly SInv}
   (You found it on level 4 of the Shoals)

   Valiant:   It becomes more powerful as more dangerous foes come into view.
   SInv:      It lets you see invisible.
   Fly:       It grants you flight.
   Fragile:   It will be destroyed if unequipped.
 w - the +7 broad axe of Articulation {flame, rElec rN+ Int+3 SInv}
   (You took it off an ironbound convoker on level 4 of the Vaults)

   Int:       It affects your intelligence (+3).
   rElec:     It insulates you from electricity.
   rN:        It protects you from negative energy.
   SInv:      It lets you see invisible.
 y - the +4 broad axe of Weppahoguo {speed, Str+3 Dex+3 Stlth-}
   (You took it off a vault warden on level 4 of the Vaults)

   Str:       It affects your strength (+3).
   Dex:       It affects your dexterity (+3).
   Stlth:     It makes you less stealthy.
 B - the +9 war axe of the Spider {venom, Drain Str+4 Stlth+}
   (You bought it in a shop on level 6 of the Dungeon)

   Str:       It affects your strength (+4).
   Drain:     It drains your maximum health when unequipped.
   Stlth:     It makes you more stealthy.
 F - the +5 war axe "Worm" {freeze, rN+ MP+9 Str+4 Int+2}
   (Okawaru gifted it to you on level 1 of the Vaults)

   Str:       It affects your strength (+4).
   Int:       It affects your intelligence (+2).
   rN:        It protects you from negative energy.
   MP:        It affects your magic capacity (+9).
 G - the +5 broad axe "Giantslayer" {spect, Fly rC+ SInv}
   (Okawaru gifted it to you in the Desolation of Salt)

   rC:        It protects you from cold.
   SInv:      It lets you see invisible.
   Fly:       It grants you flight.
 W - the +7 hand crossbow of Okawaru, Kissing {freeze, Will+ Dex+2}
   (Okawaru gifted it to you on level 2 of the Orcish Mines)

   Dex:       It affects your dexterity (+2).
   Will:      It increases your willpower.
Missiles
 Z - 2 boomerangs of dispersal
Armour
 g - the +9 kite shield of Gravity (worn) {rN+}
   (You found it in a treasure trove)

   rN:        It protects you from negative energy.
 r - the +3 cloak "Taugen" (worn) {rPois rN+ Regen+ Int+4}
   (You found it in a treasure trove)

   Int:       It affects your intelligence (+4).
   rPois:     It protects you from poison.
   rN:        It protects you from negative energy.
   Regen:     It increases your rate of health regeneration.
 E - a +2 helmet of intelligence (worn)
 I - the +5 Storm Queen's Shield {shock, Fly rElec}
   (You found it in a treasure trove)

   Shock:     When it blocks an attack, it may electrocute the attacker.
   This works even against foes who are a short distance away.
   rElec:     It insulates you from electricity.
   Fly:       It grants you flight.
 K - the +0 pair of fencer's gloves (worn) {Riposte Dex+3}
   (You found it on level 9 of the Dungeon)

   Riposte:   It allows the wearer to riposte with melee weapons, swiftly
   retaliating against missed or blocked melee attacks.
   Dex:       It affects your dexterity (+3).
 P - the +7 barding of Articulation (worn) {Str+4}
   (Okawaru gifted it to you in an ice cave)

   Str:       It affects your strength (+4).
 R - a +7 crystal plate armour of cold resistance (worn)
Jewellery
 a - a ring of resist corrosion
 c - the amulet "Decyo" (around neck) {Reflect Dex+6 SH+5}
   (You found it in the Desolation of Salt)

   [amulet of reflection]

   It reflects blocked missile attacks.
   Dex:       It affects your dexterity (+6).
   SH:        It affects your SH (+5).
 i - the amulet of Amorality {Faith Rampage rF+ Regen+}
   (You found it on level 3 of the Realm of Zot)

   [amulet of faith]

   It allows you to gain divine favour quickly.
   rF:        It protects you from fire.
   Regen:     It increases your rate of health regeneration.
   Rampage:   It bestows one free step when moving towards enemies.
 j - a +6 ring of dexterity
 m - the ring of Law {Will++ Int+6}
   (You acquired it on level 1 of the Elven Halls)

   [ring of intelligence]

   Int:       It affects your intelligence (+6).
   Will:      It greatly increases your willpower.
 n - the ring of the Locust (left hand) {rElec rF+ rN+ EV+5 Dex+2}
   (You took it off a deep elf blademaster on level 3 of the Elven Halls)

   [ring of evasion]

   EV:        It affects your evasion (+5).
   Dex:       It affects your dexterity (+2).
   rF:        It protects you from fire.
   rElec:     It insulates you from electricity.
   rN:        It protects you from negative energy.
 u - a ring of protection from fire (right hand)
 A - a ring of positive energy
 J - the ring of the Tortoise {AC+8}
   (You took it off a vault warden on level 4 of the Vaults)

   [ring of protection]

   AC:        It affects your AC (+8).
 L - the ring "Doywalat" {rC+ AC+4 Str+2}
   (You took it off a frost giant on level 4 of the Vaults)

   [ring of protection]

   AC:        It affects your AC (+4).
   Str:       It affects your strength (+2).
   rC:        It protects you from cold.
 N - a ring of see invisible
 V - the amulet "Enoruot Rot" {Faith Rampage Drain rCorr Slay+3}
   (You found it on level 3 of the Lair of Beasts)

   [amulet of faith]

   It allows you to gain divine favour quickly.
   Slay:      It affects your accuracy & damage with ranged weapons and melee
   (+3).
   rCorr:     It protects you from acid and corrosion.
   Drain:     It drains your maximum health when unequipped.
   Rampage:   It bestows one free step when moving towards enemies.
Wands
 b - a wand of digging (19)
 t - a wand of quicksilver (13)
 v - a wand of flame (35) (quivered)
 Y - a wand of mindburst (27)
Scrolls
 f - 14 scrolls of teleportation
 k - 3 scrolls of blinking
 l - 3 scrolls of noise
 q - 5 scrolls of brand weapon
 Q - 7 scrolls of fear
 S - 4 scrolls of magic mapping
 T - a scroll of fog
Potions
 d - 9 potions of might
 e - 5 potions of flight
 h - 6 potions of mutation
 s - 5 potions of brilliance
 z - 7 potions of cancellation
 C - 10 potions of curing
 D - 4 potions of magic
 H - a potion of invisibility
 M - a potion of heal wounds
 O - 13 potions of ambrosia
 U - 2 potions of haste
Miscellaneous
 p - a lightning rod (4/4)
 X - a piece from Xom's chessboard (15/15)


   Skills:
 * Level 21.8 Fighting
 + Level 17.0 Axes
 + Level 25.2 Armour
 + Level 17.3 Dodging
 + Level 26.0 Shields
 - Level 19.4 Evocations


You had 25 spell levels left.
You didn't know any spells.
Your spell library contained the following spells:

 Spells                   Type           Power      Damage    Failure   Level
 Beastly Appendage        Tmut           0%         N/A       85%         1
 Foxfire                  Conj/Fire      0%         2x1d4     85%         1
 Freeze                   Ice            0%         1d3       85%         1
 Kiss of Death            Conj/Necr      0%         2d5       85%         1
 Magic Dart               Conj           0%         1d3       85%         1
 Shock                    Conj/Air       0%         1d3       85%         1
 Sting                    Tmut/Pois      0%         1d3       85%         1
 Blink                    Tloc           0%         N/A       94%         2
 Cigotuvi's Dreadful Rot  Necr/Pois/Air  0%         N/A       94%         2
 Lesser Beckoning         Tloc           0%         N/A       94%         2
 Momentum Strike          Conj/Tloc      0%         3d8       94%         2
 Static Discharge         Conj/Air       0%         2-2/arc   94%         2
 Sublimation of Blood     Necr           0%         N/A       94%         2
 Wereblood                Tmut           0%         N/A       94%         2
 Confusing Touch          Hex            0%         N/A       99%         3
 Gell's Gravitas          Tloc           0%         N/A       99%         3
 Ignite Poison            Fire/Tmut/Pois 0%         N/A       99%         3
 Inner Flame              Hex/Fire       0%         N/A       99%         3
 Kindle Blastsparks       Fire/Tloc/Air  0%         2d10      99%         3
 Mephitic Cloud           Conj/Pois/Air  0%         N/A       99%         3
 Ozocubu's Armour         Ice            0%         N/A       99%         3
 Portal Projectile        Hex/Tloc       0%         N/A       99%         3
 Spider Form              Tmut/Pois      0%         N/A       99%         3
 Stone Arrow              Conj/Erth      0%         3d7       99%         3
 Swiftness                Air            0%         N/A       99%         3
 Teleport Other           Tloc           0%         N/A       99%         3
 Vampiric Draining        Necr           0%         2d6       99%         3
 Vhi's Electric Charge    Tloc/Air       0%         N/A       99%         3
 Airstrike                Air            0%         2d(0-16)  100%        4
 Anguish                  Hex/Necr       0%         N/A       100%        4
 Cause Fear               Hex            0%         N/A       100%        4
 Dispel Undead            Necr           0%         3d6       100%        4
 Flame Wave               Conj/Fire      0%         2d4       100%        4
 Fulminant Prism          Conj/Hex       0%         3d5       100%        4
 Iskenderun's Mystic Bla  Conj/Tloc      0%         2d3       100%        4
 Leda's Liquefaction      Hex/Erth       0%         N/A       100%        4
 Manifold Assault         Tloc           0%         N/A       100%        4
 Olgreb's Toxic Radiance  Pois           0%         N/A       100%        4
 Passage of Golubria      Tloc           0%         N/A       100%        4
 Petrify                  Tmut/Erth      0%         N/A       100%        4
 Sticky Flame             Conj/Fire      0%         2d3       100%        4
 Alistair's Intoxication  Tmut/Pois      0%         N/A       100%        5
 Arcjolt                  Conj/Air       0%         1d10      100%        5
 Blade Hands              Tmut           0%         N/A       100%        5
 Borgnjor's Vile Clutch   Necr/Erth      0%         N/A       100%        5
 Fireball                 Conj/Fire      0%         3d3       100%        5
 Freezing Cloud           Conj/Ice/Air   0%         6-21      100%        5
 Irradiate                Conj/Tmut      0%         3d11      100%        5
 Iskenderun's Battlesphe  Conj           0%         2d6       100%        5
 Lee's Rapid Deconstruct  Erth           0%         3d4*      100%        5
 Lightning Bolt           Conj/Air       0%         1d11      100%        5
 Yara's Violent Unravell  Hex/Tmut       0%         3d3       100%        5
 Conjure Ball Lightning   Conj/Air       0%         3x3d6     100%        6
 Dispersal                Tloc           0%         N/A       100%        6
 Iron Shot                Conj/Erth      0%         9d1       100%        6
 Starburst                Conj/Fire      0%         6d3       100%        6
 Dragon Form              Tmut           0%         N/A       100%        7
 Enfeeble                 Hex            0%         N/A       100%        7
 Orb of Destruction       Conj           0%         9d5       100%        7
 Ozocubu's Refrigeration  Ice            0%         4d7       100%        7
 Storm Form               Tmut/Air       0%         N/A       100%        7
 Discord                  Hex            0%         N/A       100%        8
 Disjunction              Tloc           0%         N/A       100%        8
 Ignition                 Fire           0%         3d3       100%        8
 Lehudib's Crystal Spear  Conj/Erth      0%         10d2      100%        8
 Maxwell's Capacitive Co  Air            0%         ∞         100%        8
 Chain Lightning          Conj/Air       0%         N/A       100%        9
 Death's Door             Necr           0%         N/A       100%        9
 Fire Storm               Conj/Fire      0%         5d1       100%        9
 Polar Vortex             Ice            0%         N/A       100%        9
 Shatter                  Erth           0%         3d5*      100%        9
 Call Imp                 Summ           Unusable   N/A       N/A         2
 Call Canine Familiar     Summ           Unusable   N/A       N/A         3
 Summon Guardian Golem    Hex/Summ       Unusable   N/A       N/A         3
 Animate Armour           Summ/Erth      Unusable   N/A       N/A         4
 Summon Lightning Spire   Summ/Air       Unusable   N/A       N/A         4
 Death Channel            Necr           Unusable   N/A       N/A         6
 Simulacrum               Ice/Necr       Unusable   N/A       N/A         6
 Summon Cactus Giant      Summ           Unusable   N/A       N/A         6
 Monstrous Menagerie      Summ           Unusable   N/A       N/A         7
 Spellforged Servitor     Conj/Summ      Unusable   N/A       N/A         7
 Summon Hydra             Summ           Unusable   N/A       N/A         7
 Dragon's Call            Summ           Unusable   N/A       N/A         9

Dungeon Overview and Level Annotations

Branches:
Dungeon (15/15)            Temple (1/1) D:4            Lair (5/5) D:9
 Shoals (4/4) Lair:3        Snake (4/4) Lair:2        Slime (0/5) Lair:4
    Orc (2/2) D:10            Elf (3/3) Orc:2        Vaults (5/5) D:13
  Crypt (3/3) Vaults:2       Tomb (0/3) Crypt:3      Depths (4/4) D:15
    Zot (5/5) Depths:4      IceCv (visited)          WizLab (visited)
Desolation (visited)

Altars:
Ashenzari
Cheibriados
Dithmenos
Elyvilon
Fedhas
Gozag
Hepliaklqana
Kikubaaqudgha
Makhleb
Nemelex Xobeh
Okawaru
Qazlal
Ru
Sif Muna
Trog
Uskayaw
Vehumet
Wu Jian
Xom
Yredelemnul
Zin
The Shining One
Jiyva

Shops:
D:3 *   D:5 *   D:6 (=(:(   D:11 *   Orc:1 *   Orc:2 [?(:(   Elf:3 !
Shoals:2 [(?   Shoals:3 [   Snake:3 (   Snake:4 (:*   Vaults:2 !   Vaults:3 [

Portals:
Hell: Depths:1 Depths:2 Depths:3 Depths:4
Abyss: Depths:3
Pandemonium: Depths:1 Depths:2
Ziggurat: Depths:1

Annotations:
D:11 1 transporter
Shoals:4 1 runed translucent door, Valagong's ghost, journeyman MiFi
Orc:1 3 runed translucent doors, exclusion: obsidian statue, monoptic's ghost, journeyman HOFi
Elf:2 exclusion: orange crystal statue
Depths:4 2 runed translucent doors, Dedet's ghost, veteran GrRe
Zot:2 2 transporters


Innate Abilities, Weirdness & Mutations

You are completely covered in rugged brown scales. (AC +3, +7% HP)
Armour fits poorly on your strangely shaped body.
You have a long armoured tail.
You roll when moving toward enemies. (Rampage)
Your long tongue fully drains potion bottles. (2x potion effects)
Your tongue gives you trouble enunciating. (1.5x scroll delay)
Your tail ends in a venomous barb.
Your body often deteriorates upon taking damage.
Your flesh is heat resistant. (rF+)
You are somewhat resistant to further mutation.
You are weak. (Str -2)


Message History

The ufetubus attacks as you move away! The ufetubus barely misses you.
You block the ufetubus's attack.
The ufetubus hits you but does no damage.
You block the ufetubus's attack.
You riposte.
You cut the ufetubus into ribbons!!!
You kill the ufetubus!
There is a stone staircase leading down here.
Your surroundings suddenly seem different.
HP restored.
Aiming: Dig
Press: ? - help, Shift-Dir - straight line You can't see that place. [a rock wall.]
Okay, then.
Aiming: Dig
Press: ? - help, Shift-Dir - straight line A rock wall.
This square is covered in magical glow.
The rock shatters into small pieces.
There is a stone staircase leading up here.
You fly upwards.
There is a stone staircase leading down here.
A demonspawn black sun, a lorocyproca and a demonspawn corrupter come into view.
The demonspawn black sun is wielding a +2 demon blade of flaming.
Okay, then.
Aiming: Dig
Press: ? - help, Shift-Dir - straight line A rock wall.
This square is covered in magical glow.
The rock shatters into small pieces.
Blink to where?
Press: ? - help, Dir - move target As you slowly read the scroll of blinking, it crumbles to dust.
Aiming: Dig
Press: ? - help, Shift-Dir - straight line A rock wall.
This square is covered in magical glow.
The rock shatters into small pieces.
There is a staircase leading out of the dungeon here.
You have escaped!

...####.........##....#.##..##...
..........####.##..#.####.#..####
...###....# #.#.###..##.###.#.#.
#.####....# #.#..##..#.###......
#.........# ###....#..#####.###.
######....######...##.#..# ##....
#†.........##..#####.# #....
#..........#..############.##
###..........#@##.........####
#............###............#
###.#.........................##
...............................#
...............###.............#
...............####............##
.................................
..)...(........######............
.......##.###### ##........###


There were no monsters in sight!

Vanquished Creatures
  3 dread liches
  7 orbs of fire
  4 ancient liches
  Mara (Depths:1)
  Mennas (Vaults:4)
  Khufu (Crypt:2)
  A juggernaut (Depths:3)
  A royal mummy (Crypt:1)
  3 Killer Klowns (Zot:5)
  Vv (Depths:3)
  Saint Roka (Vaults:3)
  A curse toe (Zot:4)
  2 caustic shrikes (Depths:2)
  5 golden dragons
  The ghost of Aklawnof the Wrestler, a legendary VSBe of Trog (Zot:3)
  5 bone dragons
  3 doom hounds (Depths:4)
  A shard shrike zombie (Crypt:3)
  A Brimstone Fiend (Depths:1)
  2 electric golems
  A Tzitzimitl (Depths:4)
  19 tentacled monstrosities
  An Ice Fiend (Depths:3)
  Rupert (D:15)
  26 Orb Guardians
  7 liches
  Zenata (Vaults:2)
  A walking crystal tome (Depths:4)
  Grunn (Depths:4)
  A titan (Vaults:5)
  3 deep elf blademasters
  10 quicksilver dragons
  2 deep elf master archers (Elf:3)
  An Executioner (Zot:5)
  2 sphinxes
  6 ancient champions
  11 death cobs
  Kirke (D:14)
  14 storm dragons
  7 tengu reavers
  Donald (Snake:2)
  6 shadow dragons
  4 revenants
  11 fire giants
  7 nagarajas
  14 frost giants
  8 draconian monks
  8 draconian knights
  23 vault wardens
  4 deep elf sorcerers
  An iron dragon (Depths:3)
  5 draconian scorchers
  The ghost of Etwihode the Blocker, a journeyman MiFi of Qazlal (Shoals:3)
  A balrug (Depths:1)
  4 deep elf elementalists (Elf:3)
  3 imperial myrmidons (Desolation)
  3 ghost moths
  4 draconian shifters
  17 ironbound preservers
  2 draconian annihilators
  A draconian stormcaller (Depths:4)
  3 ghouls
  3 curse skulls
  12 stone giants
  3 war gargoyles
  An orc warlord (Vaults:2)
  25 very ugly things
  3 spriggan defenders
  3 ironbound thunderhulks
  9 green draconians
  8 deep elf annihilators
  9 deep elf demonologists
  6 red draconians
  A lorocyproca (Abyss:2)
  19 vampire knights
  3 halazid warlocks (Desolation)
  8 purple draconians
  3 demonspawn black suns (Zot:4)
  4 dire elephants
  7 white draconians
  12 yellow draconians
  7 spark wasps
  2 eidola
  6 black draconians
  Snorg (Lair:5)
  A blizzard demon (Abyss:2)
  3 crystal guardians
  Josephine (D:15)
  11 deep elf death magi
  2 merfolk javelineers (Shoals:4)
  15 ettins
  17 jiangshi
  An ettin (shapeshifter) (Vaults:4)
  7 deep elf high priests
  7 ragged hierophants (Desolation)
  5 entropy weavers
  7 merfolk impalers
  10 fire dragons
  13 yaktaur captains
  Fannar (D:11)
  3 salamander tyrants
  8 great orbs of eyes
  6 hydras
  7 peacekeepers
  3 spriggan zombies
  31 vault guards
  8 ice dragons
  2 spriggan air magi
  2 rakshasas
  2 servants of whispers (Desolation)
  Erolcha (D:11)
  7 anacondas
  4 merfolk avatars
  2 alligator snapping turtles
  2 hell beasts
  Erica (Lair:2)
  11 death yaks
  An ogre mage (Vaults:5)
  6 boulder beetles
  18 centaur warriors
  4 merfolk aquamancers
  11 ironbound frosthearts
  A satyr (Shoals:3)
  8 deep troll shamans
  5 tengu warriors
  3 death knights
  7 deep troll earth magi
  12 naga sharpshooters
  4 two-headed ogres
  25 dancing weapons
  16 naga warriors
  5 shock serpents
  3 spriggan berserkers
  15 vampire magi
  A hell hog (Depths:4)
  7 orc high priests
  A thrashing horror (Abyss:2)
  19 deep elf knights
  8 hell knights
  Amaemon (D:11)
  3 skysharks
  A soul eater (Crypt:3)
  Urug (Lair:2)
  A wretched star (Abyss:2)
  4 sun demons
  66 skeletal warriors
  7 iron trolls
  3 salamander mystics
  The ghost of elongatedgoose the Summoner, a novice TeSu of Hepliaklqana (Lair:1)
  A sixfirhy (D:9)
  3 shadow wraiths (Crypt:3)
  14 flayed ghosts
  An iron giant zombie (Crypt:1)
  12 sea snakes
  A death drake (Abyss:2)
  A spark wasp zombie (Crypt:2)
  48 deep trolls
  2 bunyip skeletons
  2 glowing orange brains
  A kraken simulacrum (Shoals:4)
  10 wizards
  37 phantasmal warriors
  2 bog bodies
  16 deep elf archers
  4 orc knights
  27 deep elf pyromancers
  A quicksilver dragon simulacrum (Depths:4)
  12 ironbound convokers
  6 lindwurms
  7 naga ritualists
  6 necromancers
  21 deep elf zephyrmancers
  A mana viper (shapeshifter) (Vaults:4)
  13 harpies
  8 mana vipers
  38 ugly things
  8 cyclopes
  14 fauns
  A manticore (shapeshifter) (Vaults:5)
  2 salamanders (shapeshifter) (Depths:2)
  12 manticores
  A will-o-the-wisp (Abyss:2)
  26 moths of wrath
  2 orc sorcerers
  2 stone giant zombies
  5 salamanders
  30 black mambas
  An iron dragon skeleton (Crypt:1)
  2 ice statues (IceCv)
  Maurice (Orc:2)
  14 elephants (Lair:5)
  7 guardian serpents
  A fire giant skeleton (Vaults:2)
  19 naga magi
  7 merfolk sirens
  A stone giant skeleton (Vaults:2)
  7 water nymphs
  3 torpor snails (Lair:5)
  A black mamba (shapeshifter) (D:15)
  An eleionoma skeleton (Crypt:2)
  A centaur skeleton (Crypt:1)
  Joseph (D:7)
  3 orange demons
  18 vault sentinels
  An apocalypse crab (Abyss:2)
  A smoke demon (Abyss:2)
  A titan simulacrum (Crypt:3)
  6 cane toads
  6 centaur zombies
  Maggie (D:6)
  A hellion (Abyss:2)
  A death yak zombie (Crypt:2)
  2 gargoyles
  7 rime drakes
  5 kobold demonologists
  An efreet (D:13)
  4 unseen horrors
  2 anaconda simulacra (IceCv)
  39 yaktaurs
  A tengu conjurer (Depths:4)
  3 tormentors (Depths:4)
  4 komodo dragons
  2 yaktaurs (shapeshifter)
  6 ice devils (IceCv)
  A grey draconian skeleton (Crypt:3)
  6 freezing wraiths
  A steelbarb worm zombie (Crypt:2)
  A yaktaur skeleton (Vaults:2)
  5 guardian mummies (Crypt:3)
  A queen bee (shapeshifter) (Vaults:4)
  3 ancient zymes (Abyss:2)
  A hydra zombie (Crypt:3)
  3 meliai (D:13)
  7 wind drakes
  3 harpy zombies
  18 merfolk
  2 polar bears
  7 trolls
  A merfolk (shapeshifter) (Vaults:4)
  A yellow draconian skeleton (Crypt:3)
  A guardian serpent zombie (Crypt:1)
  3 hornets (Depths:4)
  2 harpy skeletons
  2 raiju (Abyss:2)
  A dream sheep (shapeshifter) (Vaults:4)
  A tarantella (shapeshifter) (D:13)
  Prince Ribbit (D:7)
  6 dream sheep (Lair:5)
  43 saltlings (Desolation)
  22 blink frogs
  11 snapping turtles
  A black mamba zombie (Crypt:3)
  5 large abominations (Abyss:2)
  36 slime creatures
  2 slime creatures (shapeshifter)
  A flying skull (Abyss:2)
  A centaur simulacrum (D:15)
  A fire dragon skeleton (Crypt:2)
  3 air elementals
  15 water elementals
  A ynoxinul (Abyss:2)
  A dire elephant simulacrum (Abyss:2)
  3 spriggans (Depths:4)
  2 shadows
  4 wyverns
  2 yaks (shapeshifter) (D:13)
  An ice dragon skeleton (Crypt:3)
  5 humans (D:15)
  22 wraiths
  5 vampires
  4 basilisks
  53 yaks
  An elf simulacrum (Vaults:2)
  3 neqoxecs
  2 hogs
  4 redbacks
  A chaos spawn (Depths:1)
  A fire elemental (Elf:1)
  3 steam dragons
  6 wargs
  An elf skeleton (Vaults:2)
  11 vampire mosquitoes
  3 two-headed ogre zombies (WizLab)
  Menkaure (D:7)
  4 harpy simulacra (IceCv)
  3 acid dragons
  A fire bat zombie (Crypt:2)
  57 nagas
  A warg (shapeshifter) (D:13)
  A naga zombie (Crypt:3)
  7 water moccasins
  An ogre skeleton (Vaults:2)
  4 hydra simulacra (IceCv)
  A glowing shapeshifter skeleton (Vaults:2)
  4 small abominations (Abyss:2)
  A floating eye (shapeshifter) (Vaults:5)
  A sky beast (D:7)
  A two-headed ogre skeleton (Crypt:1)
  A snapping turtle zombie (Crypt:3)
  2 ice beasts
  17 orc warriors
  2 black bears
  A manticore zombie (Crypt:2)
  7 ogres
  35 wolves
  11 centaurs
  2 gnoll sergeants
  A hog skeleton (Crypt:2)
  10 bullfrogs
  3 kobold brigands
  2 necrophages (Crypt:2)
  A water moccasin zombie (Crypt:2)
  4 scorpions (D:5)
  An earth elemental (Elf:2)
  A salamander skeleton (Crypt:2)
  5 human skeletons (Vaults:2)
  15 wights
  14 killer bees
  8 troll zombies (WizLab)
  8 electric eels
  3 howler monkeys (D:7)
  2 spriggan skeletons
  2 jellies
  3 hounds
  30 orc priests
  5 starcursed masses (Abyss:2)
  2 iron imps (Abyss:2)
  2 iguanas
  15 orc wizards
  2 hell rats (D:9)
  A polar bear simulacrum (IceCv)
  A troll simulacrum (IceCv)
  7 ogre zombies (WizLab)
  A hound skeleton (Crypt:3)
  9 mummies
  11 gnolls
  A river rat (D:9)
  9 adders
  A naga simulacrum (IceCv)
  A shadow imp (D:7)
  A swamp drake skeleton (Crypt:1)
  3 white imps
  2 ufetubi
  A lava snake zombie (Crypt:3)
  2 worms (D:2)
  5 dart slugs
  68 orcs
  9 bats
  9 endoplasms
  3 giant cockroaches
  4 goblins
  6 hobgoblins
  8 jackals
  14 kobolds
  4 quokkas
  5 ball pythons
  A ball python skeleton (Crypt:1)
  An endoplasm zombie (Crypt:1)
  3 frilled lizards
  3 rats
  A lurking horror (Abyss:2)
2354 creatures vanquished.

Vanquished Creatures (others)
  2 deep elf knights
  2 naga sharpshooters (Snake:4)
  A wizard (Vaults:1)
  A deep elf archer (Elf:1)
  2 deep elf zephyrmancers
  A small abomination (D:2)
  A quasit (Vaults:5)
  An orc priest (Orc:1)
  An orc wizard (Orc:1)
  An orc (Orc:1)
  34 bushes
  32 fungi
  106 plants
  5 withered plants (Depths:1)
190 creatures vanquished.

Grand Total: 2544 creatures vanquished

Notes
Turn   | Place    | Note
-------+----------+-------------------------------------------
     0 | D:1      | Pimp the Armataur Fighter began the quest for the Orb.
     0 | D:1      | Reached XP level 1. HP: 19/19 MP: 1/1
    57 | D:1      | Reached XP level 2. HP: 21/26 MP: 2/2
   212 | D:1      | Reached XP level 3. HP: 31/33 MP: 3/3
   667 | D:2      | Reached XP level 4. HP: 37/37 MP: 4/4
   724 | D:2      | Reached skill level 4 in Shields
  1007 | D:2      | Found a hazy altar of Hepliaklqana.
  1365 | D:3      | Found Tiurenli's General Store.
  1371 | D:3      | Reached XP level 5. HP: 48/48 MP: 5/5
  2228 | D:4      | Found a staircase to the Ecumenical Temple.
  2237 | Temple   | Entered the Ecumenical Temple
  2554 | D:5      | Entered Level 5 of the Dungeon
  2563 | D:5      | Reached skill level 5 in Armour
  2572 | D:5      | Reached XP level 6. HP: 55/55 MP: 6/6
  2703 | D:5      | Found a hide-covered altar of Uskayaw.
  2704 | D:5      | Found a white marble altar of Elyvilon.
  2707 | D:5      | Found a shadowy altar of Dithmenos.
  2709 | D:5      | Found a burning altar of Makhleb.
  2765 | D:5      | Found Vemiw's General Store.
  3132 | D:5      | Reached skill level 5 in Shields
  3153 | D:5      | Reached XP level 7. HP: 48/63 MP: 7/7
  3201 | D:5      | Gained mutation: You expend magic power (3 MP) to
                  | strengthen your wands. [potion of mutation]
  3201 | D:5      | Gained mutation: Your spells are a little easier to cast,
                  | but a little less powerful. [potion of mutation]
  3201 | D:5      | Gained mutation: Your flesh is heat resistant. (rF+)
                  | [potion of mutation]
  3727 | D:6      | Found Leicvaek's Weapon Emporium.
  3946 | D:6      | Reached skill level 5 in Fighting
  3946 | D:6      | Reached skill level 6 in Shields
  3946 | D:6      | Reached XP level 8. HP: 52/72 MP: 8/8
  4016 | D:6      | Found Onoom's Antique Weapon Shop.
  4093 | D:6      | Found Dasid's Antique Weapon Boutique.
  4126 | D:6      | Got Nifoeph's Writings on United Ouranomancy
  4505 | D:6      | Found Muvuujum's Book Shoppe.
  4755 | D:6      | Bought an ancient war axe for 170 gold pieces
  4755 | D:6      | Identified the +9 war axe of the Spider {venom, Drain Str+4
                  | Stlth+} (You bought it in a shop on level 6 of the Dungeon)
  4777 | D:6      | Found Zuylobag's Jewellery Boutique.
  4829 | D:7      | Noticed Maggie
  4836 | D:6      | Reached skill level 1 in Evocations
  4877 | D:6      | Killed Maggie
  5056 | D:7      | Noticed Menkaure
  5061 | D:7      | Killed Menkaure
  5159 | D:7      | Noticed Joseph
  5168 | D:7      | Killed Joseph
  5169 | D:7      | Reached skill level 5 in Axes
  5169 | D:7      | Reached skill level 7 in Shields
  5169 | D:7      | Reached XP level 9. HP: 41/80 MP: 9/9
  5942 | D:7      | Noticed Prince Ribbit
  5951 | D:7      | Killed Prince Ribbit
  6289 | D:8      | Reached skill level 8 in Shields
  6293 | D:8      | Reached XP level 10. HP: 44/89 MP: 10/10
  6681 | D:8      | Reached skill level 5 in Evocations
  7046 | D:8      | Found an iron altar of Okawaru.
  7053 | D:8      | Got the Textbook on Blinking Mud
  7073 | D:8      | Became a worshipper of Warmaster Okawaru
  7267 | D:8      | Found an opulent altar of Gozag.
  7373 | D:9      | Found the +0 pair of fencer's gloves {Riposte Dex+3}
  8033 | D:9      | Noticed a death yak
  8033 | D:9      | Noticed a death yak
  8042 | D:9      | Noticed a death yak
  8054 | D:9      | Killed a death yak
  8054 | D:9      | Reached * piety under Okawaru
  8055 | D:9      | Reached skill level 9 in Shields
  8192 | D:9      | Found a staircase to the Lair.
  8215 | D:8      | Killed a death yak
  8215 | D:8      | Reached ** piety under Okawaru
  8279 | D:8      | Killed a death yak
  8280 | D:8      | Reached skill level 10 in Armour
  8439 | D:9      | Reached XP level 11. HP: 95/99 MP: 11/11
  8823 | D:10     | Entered Level 10 of the Dungeon
  9097 | D:10     | Found a shimmering altar of Xom.
  9122 | D:10     | Found a staircase to the Orcish Mines.
  9165 | D:10     | Found an ornate altar of the Wu Jian Council.
  9165 | D:10     | Noticed a two-headed ogre
  9174 | D:10     | Killed a two-headed ogre
  9181 | D:10     | Reached *** piety under Okawaru
  9614 | D:10     | Found a sparkling altar of Nemelex Xobeh.
  9695 | D:10     | Noticed a two-headed ogre
  9702 | D:10     | Killed a two-headed ogre
  9703 | D:10     | Reached skill level 1 in Dodging
 10344 | D:11     | Noticed Amaemon
 10370 | D:10     | Reached **** piety under Okawaru
 10371 | D:10     | Reached skill level 10 in Shields
 10450 | D:11     | Killed Amaemon
 10535 | D:11     | Noticed Erolcha
 10545 | D:11     | Killed Erolcha
 10654 | D:11     | Found a transporter.
 10801 | D:11     | Noticed Fannar
 10813 | D:11     | Reached ***** piety under Okawaru
 10816 | D:11     | Killed Fannar
 10854 | D:11     | Found a frozen archway.
 10862 | D:11     | Reached XP level 12. HP: 57/110 MP: 12/12
 10867 | IceCv    | Entered an ice cave
 11140 | IceCv    | Identified the +7 barding of Articulation {Str+4} (Okawaru
                  | gifted it to you in an ice cave)
 11140 | IceCv    | Received a gift from Okawaru
 11933 | D:11     | Found Wadd's Fire Supplies.
 11946 | D:11     | Identified the ring "Etetzoxe" {*Slow rC+ rCorr Str-3
                  | Int+6}
 12110 | Orc:1    | Entered Level 1 of the Orcish Mines
 12212 | D:10     | Reached skill level 11 in Shields
 12454 | Orc:2    | Entered Level 2 of the Orcish Mines
 12457 | Orc:2    | Noticed an orc high priest
 12721 | Orc:2    | Noticed an orc high priest
 12732 | Orc:1    | Killed an orc high priest
 12779 | Orc:1    | Killed an orc high priest
 13085 | Orc:2    | Noticed an orc high priest
 13094 | Orc:2    | Killed an orc high priest
 13213 | Orc:2    | Found Febodid's Magic Scroll Shoppe.
 13331 | Orc:2    | Found Acoen's Armour Shop.
 13331 | Orc:2    | Noticed an orc high priest
 13341 | Orc:2    | Killed an orc high priest
 13341 | Orc:2    | Identified the +7 hand crossbow of Okawaru, Kissing
                  | {freeze, Will+ Dex+2} (Okawaru gifted it to you on level 2
                  | of the Orcish Mines)
 13341 | Orc:2    | Received a gift from Okawaru
 13475 | Orc:2    | Noticed an orc high priest
 13481 | Orc:2    | Killed an orc high priest
 13499 | Orc:2    | Found a staircase to the Elven Halls.
 13635 | Orc:2    | Noticed an orc high priest
 13636 | Orc:2    | Found Boajo's Weapon Shop.
 13636 | Orc:2    | Found Huklen's Book Shoppe.
 13636 | Orc:2    | Noticed an orc high priest
 13636 | Orc:2    | Noticed Maurice
 13640 | Orc:2    | Killed an orc high priest
 13640 | Orc:2    | Reached ****** piety under Okawaru
 13641 | Orc:2    | Reached XP level 13. HP: 66/118 MP: 13/13
 13644 | Orc:2    | Killed Maurice
 14189 | Orc:2    | Found Qehim's Weapon Shoppe.
 14436 | Orc:1    | Found a burning altar of Makhleb.
 14437 | Orc:1    | Found a runed translucent gate.
 14437 | Orc:1    | Found a runed translucent gate.
 14437 | Orc:1    | Found a runed translucent gate.
 14438 | Orc:1    | Found an opulent altar of Gozag.
 14439 | Orc:1    | Found Saurgh's Assorted Antiques.
 14440 | Orc:1    | Noticed monoptic's ghost (journeyman HOFi)
 14530 | Orc:2    | Bought a scroll of acquirement for 832 gold pieces
 14530 | Orc:2    | Acquired a +2 kite shield of reflection
 14769 | Lair:1   | Entered Level 1 of the Lair of Beasts
 15057 | Lair:1   | Found a runed translucent door.
 15085 | Lair:1   | Noticed elongatedgoose's ghost (novice TeSu)
 15246 | Lair:1   | Killed elongatedgoose's ghost
 15246 | Lair:1   | Received a gift from Okawaru
 15484 | Lair:2   | Found a staircase to the Snake Pit.
 15490 | Lair:2   | Noticed Urug
 15746 | Lair:3   | Identified the amulet "Enoruot Rot" {Faith Rampage Drain
                  | rCorr Slay+3}
 15770 | Lair:3   | Found a staircase to the Shoals.
 15774 | Lair:3   | Reached skill level 10 in Fighting
 15817 | Lair:3   | Reached skill level 12 in Shields
 15824 | Lair:3   | Reached skill level 5 in Dodging
 16423 | Lair:2   | Found an ancient bone altar of Kikubaaqudgha.
 16470 | Lair:2   | Noticed Erica
 16477 | Lair:2   | Killed Erica
 16594 | Lair:2   | Received a gift from Okawaru
 16635 | Lair:2   | Killed Urug
 17316 | Lair:4   | Reached XP level 14. HP: 90/119 MP: 14/14
 17652 | Lair:4   | You fall into a shaft and drop 1 floor!
 17652 | Lair:5   | Entered Level 5 of the Lair of Beasts
 17700 | Lair:5   | Received a gift from Okawaru
 17702 | Lair:5   | Reached skill level 10 in Evocations
 18106 | Lair:4   | Found a viscous altar of Jiyva.
 18106 | Lair:4   | Found a staircase to the Slime Pits.
 18281 | Lair:5   | Received a gift from Okawaru
 18316 | Lair:5   | Reached skill level 10 in Axes
 18564 | Lair:5   | Reached skill level 13 in Shields
 18668 | Lair:5   | Acquired 1093 gold pieces
 18690 | Lair:5   | Noticed Snorg
 18705 | Lair:5   | Killed Snorg
 18705 | Lair:5   | Received a gift from Okawaru
 19423 | Lair:5   | Received a gift from Okawaru
 20154 | Snake:1  | Entered Level 1 of the Snake Pit
 20330 | Snake:1  | Reached XP level 15. HP: 136/138 MP: 15/15
 21030 | Snake:1  | Reached skill level 15 in Armour
 22141 | Snake:2  | Received a gift from Okawaru
 23003 | Snake:2  | Noticed a nagaraja
 23008 | Snake:2  | Killed a nagaraja
 23152 | Snake:2  | Noticed Donald
 23164 | Snake:2  | Killed Donald
 23235 | Snake:2  | Received a gift from Okawaru
 24108 | Snake:3  | Noticed a nagaraja
 24122 | Snake:3  | Killed a nagaraja
 24587 | Snake:3  | Found Noryvisa's Antique Weapon Boutique.
 24597 | Snake:3  | Reached XP level 16. HP: 143/148 MP: 16/16
 24681 | Snake:3  | Reached skill level 14 in Shields
 24885 | Snake:3  | Received a gift from Okawaru
 25160 | Snake:4  | Entered Level 4 of the Snake Pit
 25732 | Snake:4  | Identified the +4 barding of Dice, Bag, and Bottle {Int-4
                  | Slay+6} (Okawaru gifted it to you on level 4 of the Snake
                  | Pit)
 25732 | Snake:4  | Received a gift from Okawaru
 27647 | Snake:4  | Found Karicynt's Weapon Shoppe.
 27649 | Snake:4  | Found Jiakuzae's Book Emporium.
 27652 | Snake:4  | Found Haqor's General Store.
 28007 | Snake:4  | Got a serpentine rune of Zot
 28280 | Elf:1    | Entered Level 1 of the Elven Halls
 28449 | D:3      | Bought a scroll of blinking for 97 gold pieces
 28511 | D:5      | Bought a potion of curing for 39 gold pieces
 29924 | D:13     | Received a gift from Okawaru
 30085 | D:13     | Identified the +1 barding of the Sneaky Loafs {rPois rN++
                  | Str+4 Stlth-} (Okawaru gifted it to you on level 13 of the
                  | Dungeon)
 30085 | D:13     | Received a gift from Okawaru
 30563 | D:13     | Reached XP level 17. HP: 139/158 MP: 17/17
 30614 | D:13     | Found a gate to the Vaults.
 32258 | D:15     | Entered Level 15 of the Dungeon
 32340 | D:15     | Received a gift from Okawaru
 32557 | D:15     | Noticed Kirke
 32557 | D:15     | Noticed Rupert
 32668 | D:14     | Killed Kirke
 32782 | D:15     | Killed Rupert
 32783 | D:15     | Reached skill level 15 in Shields
 32928 | D:15     | Noticed Josephine
 32943 | D:15     | Killed Josephine
 33267 | D:15     | Found a staircase to the Depths.
 34154 | Elf:1    | Acquired the ring of Law {Will++ Int+6}
 34182 | Elf:1    | Paralysed by an air elemental for 1 turns
 34185 | Elf:1    | Paralysed by an air elemental for 1 turns
 34719 | Elf:2    | Paralysed by an air elemental for 1 turns
 34723 | Elf:2    | Paralysed by an air elemental for 1 turns
 34731 | Elf:2    | Received a gift from Okawaru
 35293 | Elf:2    | Noticed a deep elf blademaster
 35300 | Elf:2    | Killed a deep elf blademaster
 35515 | Elf:2    | Found a runed translucent gate.
 35515 | Elf:2    | Found a runed translucent gate.
 35515 | Elf:2    | Found a runed translucent gate.
 35694 | Elf:2    | Received a gift from Okawaru
 36145 | Elf:2    | Received a gift from Okawaru
 36146 | Elf:2    | Reached XP level 18. HP: 152/167 MP: 18/18
 36616 | Elf:3    | Entered Level 3 of the Elven Halls
 36820 | Elf:3    | Found an ancient bone altar of Kikubaaqudgha.
 36868 | Elf:3    | Found Peiz Vul's Distillery.
 36876 | Elf:3    | Bought a potion of flight for 51 gold pieces
 36876 | Elf:3    | Bought a potion of curing for 51 gold pieces
 36876 | Elf:3    | Bought a potion of invisibility for 136 gold pieces
 36876 | Elf:3    | Bought a potion of haste for 170 gold pieces
 36876 | Elf:3    | Bought a potion of curing for 51 gold pieces
 37107 | Elf:3    | Identified the +2 robe of the Past {+Blink rPois Str+7}
 37284 | Elf:3    | Noticed a Hell Sentinel
 37286 | Elf:3    | Noticed a Brimstone Fiend
 37286 | Elf:3    | Identified the +6 rapier of Gloom {protect, *Noise rC+
                  | Str+2}
 37929 | Elf:3    | Noticed a Hell Sentinel
 38264 | Elf:3    | Identified the +6 rapier of Insomnia {freeze, rElec rC+
                  | Will+}
 38264 | Elf:3    | Identified the +1 great mace of the Living Dead {elec, rN+
                  | Will+ Str-2}
 39585 | Elf:3    | Identified the ring of the Locust {rElec rF+ rN+ EV+5
                  | Dex+2}
 40219 | Elf:3    | Identified the +8 falchion "Icirghoy" {heavy, *Rage rN+
                  | Will+ Int+4}
 40483 | Elf:3    | Received a gift from Okawaru
 40483 | Elf:3    | Found the +8 arc blade {discharge, rElec}
 40494 | Elf:3    | Reached skill level 16 in Shields
 40562 | Elf:3    | Identified the +4 whip of Gakoy {protect, Int+2}
 40638 | Elf:3    | Identified the +9 longbow "Vaomyes" {flame, Dex+4}
 40651 | Elf:3    | Got Modisch's Secrets of Sandy Conjuring
 41363 | Vaults:1 | Entered Level 1 of the Vaults
 41667 | Vaults:1 | Received a gift from Okawaru
 41882 | Vaults:1 | Reached XP level 19. HP: 167/177 MP: 19/19
 42043 | Vaults:1 | Reached skill level 15 in Axes
 42310 | Vaults:1 | Identified the +5 war axe "Worm" {freeze, rN+ MP+9 Str+4
                  | Int+2} (Okawaru gifted it to you on level 1 of the Vaults)
 42310 | Vaults:1 | Received a gift from Okawaru
 42458 | Vaults:1 | Identified the +3 scale mail "Cofigure" {Stlth+}
 43386 | Vaults:2 | Found Fofual's Distillery.
 43396 | Vaults:2 | Bought a potion of curing for 51 gold pieces
 43396 | Vaults:2 | Bought 2 potions of heal wounds for 170 gold pieces
 43396 | Vaults:2 | Bought a potion of resistance for 170 gold pieces
 43396 | Vaults:2 | Bought a potion of might for 68 gold pieces
 43396 | Vaults:2 | Bought a potion of might for 68 gold pieces
 43444 | Vaults:2 | Found a magical portal.
 43667 | WizLab   | Entered Zonguldrok's Shrine
 43813 | WizLab   | Reached skill level 10 in Dodging
 43972 | WizLab   | Received a gift from Okawaru
 44095 | WizLab   | Noticed an antique lich
 44108 | WizLab   | Killed an antique lich
 44108 | WizLab   | Received a gift from Okawaru
 44112 | WizLab   | Found the +9 sword of Zonguldrok {reap}
 44220 | Vaults:2 | Noticed Zenata
 44221 | Vaults:2 | Identified the +1 plate armour of the Camelopard {rPois
                  | rF++ Regen+ Int-5}
 44232 | Vaults:2 | Killed Zenata
 44717 | Vaults:2 | Received a gift from Okawaru
 45011 | Vaults:2 | Found a staircase to the Crypt.
 45332 | Crypt:1  | Entered Level 1 of the Crypt
 45499 | Crypt:1  | Reached XP level 20. HP: 132/166 MP: 20/20
 45509 | Crypt:1  | Received a gift from Okawaru
 45509 | Crypt:1  | Found the +3 greatsling "Punk" {acid, rCorr}
 45925 | Crypt:1  | Reached skill level 17 in Shields
 45960 | Crypt:1  | Paralysed by a vampire knight for 3 turns
 47118 | Crypt:2  | Received a gift from Okawaru
 47165 | Crypt:2  | Reached skill level 15 in Evocations
 47178 | Crypt:2  | Noticed a royal mummy
 47179 | Crypt:2  | Noticed Khufu
 47205 | Crypt:3  | Entered Level 3 of the Crypt
 47758 | Crypt:1  | Killed a royal mummy
 48424 | Crypt:2  | Received a gift from Okawaru
 48542 | Crypt:2  | Killed Khufu
 49121 | Crypt:3  | Reached skill level 15 in Fighting
 50274 | Crypt:3  | Paralysed by a vampire knight for 2 turns
 50280 | Crypt:3  | Paralysed by a vampire knight for 2 turns
 50680 | Crypt:3  | Paralysed by a vampire knight for 5 turns
 50701 | Crypt:2  | Paralysed by a vampire knight for 2 turns
 50705 | Crypt:2  | Received a gift from Okawaru
 50805 | Crypt:3  | Reached XP level 21. HP: 164/196 MP: 21/21
 50993 | Crypt:3  | Paralysed by a vampire knight for 3 turns
 51058 | Crypt:3  | Reached skill level 18 in Shields
 51127 | Crypt:3  | Found an ancient bone altar of Kikubaaqudgha.
 51155 | Crypt:3  | Identified the amulet "Wyoskoh" {Faith Will+ rCorr Str+3
                  | Dex+2}
 51156 | Crypt:3  | Paralysed by a vampire knight for 2 turns
 51186 | Crypt:3  | Paralysed by a vampire knight for 4 turns
 51497 | Crypt:3  | Found the +8 demon blade "Leech" {evervamp, Harm Drain rN+}
 51634 | Crypt:3  | Received a gift from Okawaru
 51643 | Crypt:3  | Paralysed by a vampire knight for 3 turns
 51926 | Crypt:3  | Paralysed by a vampire knight for 5 turns
 52273 | Crypt:3  | Found a staircase to the Tomb.
 52803 | Shoals:1 | Entered Level 1 of the Shoals
 52848 | Shoals:1 | Found a bloodstained altar of Trog.
 53334 | Shoals:2 | Found Oshruhuon's Antique Armour Boutique.
 53410 | Shoals:2 | Received a gift from Okawaru
 53441 | Shoals:2 | Bought a fine cloak for 275 gold pieces
 53441 | Shoals:2 | Identified the +1 cloak of the Pink Corner {rPois Int-2
                  | Slay+2} (You bought it in a shop on level 2 of the Shoals)
 53502 | Shoals:2 | Found Olli's Weapon Shoppe.
 53554 | Shoals:2 | Found Tuiroba's Magic Scroll Boutique.
 53574 | Shoals:2 | Bought a scroll of enchant armour for 135 gold pieces
 53856 | Shoals:3 | Found a runed translucent door.
 53856 | Shoals:3 | Noticed Etwihode's ghost (journeyman MiFi)
 53876 | Shoals:3 | Killed Etwihode's ghost
 53995 | Shoals:3 | Found Vezuut's Antique Armour Shop.
 54021 | Shoals:3 | Found a runed translucent door.
 54169 | Shoals:3 | Identified the +7 dagger of Plog {drain, Will++} (Okawaru
                  | gifted it to you on level 3 of the Shoals)
 54169 | Shoals:3 | Received a gift from Okawaru
 54443 | Shoals:4 | Entered Level 4 of the Shoals
 54512 | Shoals:4 | Found a runed translucent door.
 54512 | Shoals:4 | Found a shimmering altar of Xom.
 54512 | Shoals:4 | Noticed Valagong's ghost (journeyman MiFi)
 54626 | Shoals:4 | Found the +4 consecrated labrys {holy, Valiant Fragile Fly
                  | SInv}
 55023 | Shoals:4 | Got a barnacled rune of Zot
 55644 | Depths:1 | Entered Level 1 of the Depths
 56062 | Vaults:3 | Identified the +4 acid dragon scales of Bad Feelings
                  | {+Blink Will+ rCorr} (Okawaru gifted it to you on level 3
                  | of the Vaults)
 56062 | Vaults:3 | Received a gift from Okawaru
 56177 | Vaults:3 | Noticed Saint Roka
 56225 | Vaults:3 | Reached XP level 22. HP: 124/208 MP: 22/22
 56472 | Vaults:3 | Killed Saint Roka
 56837 | Vaults:3 | Reached skill level 19 in Shields
 57127 | Vaults:3 | Found Nesig's Antique Armour Shoppe.
 57873 | Vaults:4 | Noticed Mennas
 57927 | Vaults:4 | Killed Mennas
 57954 | Vaults:4 | Received a gift from Okawaru
 58039 | Vaults:3 | Received a gift from Okawaru
 58334 | Vaults:4 | Paralysed by a great orb of eyes for 5 turns
 58561 | Vaults:4 | Found a crumbling gateway.
 58568 | Desolati | Entered the Desolation of Salt
 58763 | Desolati | Identified the +5 scimitar "Lesybei" {flame, Will+ Str-5
                  | Dex+3}
 58764 | Desolati | Identified the +1 scale mail of Irhic {rPois Will++ Regen+
                  | Str-3}
 58809 | Desolati | Identified the +5 broad axe "Giantslayer" {spect, Fly rC+
                  | SInv} (Okawaru gifted it to you in the Desolation of Salt)
 58809 | Desolati | Received a gift from Okawaru
 58902 | Desolati | Got the Atlas of Evolution
 59201 | Desolati | Identified the amulet "Decyo" {Reflect Dex+6 SH+5}
 59274 | Desolati | Got the Encyclopedia of Violent Cold
 59291 | Desolati | Got the Reference Book on Wild Cadavers
 59304 | Desolati | Got Sif Muna's Secrets of the Mortuary and Sparks
 59517 | Vaults:4 | Found a portal to a secret trove of treasure.
 59540 | Vaults:4 | Identified the +3 mace "Ysoramn" {protect, rPois rF+ rCorr
                  | Dex+3}
 60502 | Vaults:5 | Entered Level 5 of the Vaults
 60856 | Vaults:4 | Received a gift from Okawaru
 61409 | Depths:1 | Reached skill level 20 in Shields
 61480 | Depths:1 | Found a one-way gate leading to the halls of Pandemonium.
 61487 | Depths:1 | Reached XP level 23. HP: 191/204 MP: 23/23
 61569 | D:15     | Upgraded the game from 0.30-a0-840-ga523dec638 to
                  | 0.30-a0-845-g7c6808c8ce
 61579 | Depths:1 | Found a gateway to Hell.
 61661 | Depths:1 | Found an ancient bone altar of Kikubaaqudgha.
 61742 | Depths:1 | Noticed Mara
 61750 | Depths:1 | Noticed Pimp's illusion
 61753 | Depths:1 | Killed Mara
 61949 | Depths:1 | Found a one-way gateway to a ziggurat.
 63383 | Depths:2 | Noticed a caustic shrike
 63385 | Depths:2 | Noticed a caustic shrike
 63396 | Depths:2 | Killed a caustic shrike
 63397 | Depths:2 | Killed a caustic shrike
 63397 | Depths:2 | Identified the +9 hand axe "Jaunt" {freeze, rElec Dex+3}
                  | (Okawaru gifted it to you on level 2 of the Depths)
 63397 | Depths:2 | Received a gift from Okawaru
 63420 | Depths:2 | Reached skill level 21 in Shields
 64510 | Depths:3 | Received a gift from Okawaru
 64593 | Depths:3 | Noticed a juggernaut
 64619 | Depths:3 | Killed a juggernaut
 64691 | Depths:3 | Got the Anthology of Elliptic Leadership
 64936 | Depths:3 | Found a one-way gate to the infinite horrors of the Abyss.
 65153 | Depths:4 | Entered Level 4 of the Depths
 65180 | Depths:4 | Noticed Grunn
 65507 | Depths:4 | Reached XP level 24. HP: 201/231 MP: 23/23
 65872 | Depths:3 | Received a gift from Okawaru
 65911 | Depths:4 | Found a gate to the Realm of Zot.
 65938 | Depths:4 | Reached skill level 22 in Shields
 66179 | Depths:4 | Killed Grunn
 66473 | Depths:4 | Noticed Vv
 66611 | Depths:3 | Killed Vv
 66758 | Depths:4 | Received a gift from Okawaru
 66965 | Depths:4 | Found a large runed translucent door.
 66966 | Depths:4 | Found a large runed translucent door.
 66967 | Depths:4 | Noticed Dedet's ghost (veteran GrRe)
 67636 | Vaults:5 | Noticed a dread lich
 67854 | Vaults:4 | Killed a dread lich
 67999 | Vaults:5 | Reached skill level 15 in Dodging
 68179 | Vaults:5 | Identified the +1 morningstar "Raicext" {heavy, rF- rC+
                  | Will+}
 68411 | Vaults:5 | Identified the ring "Doywalat" {rC+ AC+4 Str+2}
 68548 | Vaults:5 | Identified the +4 broad axe of Weppahoguo {speed, Str+3
                  | Dex+3 Stlth-}
 68813 | Vaults:4 | Received a gift from Okawaru
 68814 | Vaults:4 | Reached skill level 23 in Shields
 68858 | Abyss:2  | Cast into level 2 of the Abyss (a deep elf demonologist)
 69051 | Vaults:5 | Escaped the Abyss
 69063 | Vaults:5 | Gained mutation: You occasionally lose the ability to drink
                  | potions when taking damage. [a neqoxec]
 69606 | Vaults:4 | Reached XP level 25. HP: 217/242 MP: 23/23
 69664 | Vaults:5 | Identified the +7 broad axe of Articulation {flame, rElec
                  | rN+ Int+3 SInv}
 69730 | Abyss:2  | Cast into level 2 of the Abyss (a deep elf demonologist)
 69819 | Abyss:2  | Gained mutation: You are dopey. (Int -2) [a neqoxec]
 69982 | Abyss:2  | Gained mutation: You do not regenerate when monsters are
                  | visible. [a neqoxec]
 70040 | Vaults:5 | Escaped the Abyss
 71814 | Vaults:4 | You paid a toll of +2 ice dragon scales to enter a treasure
                  | trove
 71815 | Trove    | Entered a treasure trove
 71817 | Trove    | Found the +5 Storm Queen's Shield {shock, Fly rElec}
 71825 | Trove    | Identified the +1 scale mail of Valiance {rElec Will+
                  | Int+3}
 71827 | Trove    | Identified the +3 cloak "Taugen" {rPois rN+ Regen+ Int+4}
 71830 | Trove    | Identified the +1 plate armour of Light {rPois rF+ Dex+4}
 71831 | Trove    | Identified the +9 kite shield of Gravity {rN+}
 71836 | Trove    | Identified the +0 barding of Xexojom {rN+ Str+2}
 71837 | Trove    | Identified the +1 ring mail of the Lich-sworn {rPois}
 71842 | Trove    | Identified the +4 chain mail "Rafu" {Int+2}
 71979 | Vaults:5 | Got the Tome of Attacks
 71984 | Vaults:5 | Identified the amulet "Doppemm" {Spirit Int+3}
 72221 | Vaults:5 | Got a silver rune of Zot
 72271 | Vaults:5 | Identified the +5 quarterstaff of Ignis's Vengeance {spect,
                  | rF+ Str+4}
 72389 | Vaults:5 | Identified the +6 morningstar "Amipec" {vamp, SInv}
                  | (Okawaru gifted it to you on level 5 of the Vaults)
 72389 | Vaults:5 | Received a gift from Okawaru
 72631 | Vaults:5 | Identified the +3 plate armour of Hide-and-Seek {Harm rPois
                  | rN+++ Str-4}
 72784 | Vaults:5 | Found the ring of the Mage {Wiz Archmagi}
 74387 | Depths:4 | Upgraded the game from 0.30-a0-845-g7c6808c8ce to
                  | 0.30-a0-847-g17996783a1
 75538 | Zot:1    | Entered Level 1 of the Realm of Zot
 76032 | Zot:1    | Reached skill level 24 in Shields
 76089 | Zot:1    | Noticed an orb of fire
 76096 | Zot:1    | Gained mutation: You occasionally shout uncontrollably at
                  | your foes. [an orb of fire]
 76099 | Zot:1    | Gained mutation: You sometimes lose your temper in combat.
                  | [an orb of fire]
 76104 | Zot:1    | Gained mutation: You are vulnerable to cold. (rC-) [an orb
                  | of fire]
 76112 | Zot:1    | Gained mutation: You are frail. (-10% HP) [an orb of fire]
 76113 | Zot:1    | Killed an orb of fire
 76190 | Zot:2    | Found a transporter.
 76238 | Zot:1    | Lost mutation: You sometimes lose your temper in combat.
                  | [potion of mutation]
 76238 | Zot:1    | Lost mutation: You are vulnerable to cold. (rC-) [potion of
                  | mutation]
 76238 | Zot:1    | Lost mutation: You are frail. (-10% HP) [potion of
                  | mutation]
 76238 | Zot:1    | Lost mutation: Your flesh is heat resistant. (rF+) [potion
                  | of mutation]
 76238 | Zot:1    | Gained mutation: You are strong-willed. (Will+) [potion of
                  | mutation]
 76238 | Zot:1    | Gained mutation: You are highly strong-willed. (Will++)
                  | [potion of mutation]
 76238 | Zot:1    | Gained mutation: You are extremely strong-willed. (Will+++)
                  | [potion of mutation]
 76278 | Zot:2    | Noticed an ancient lich
 76296 | Zot:2    | Noticed an orb of fire
 76311 | Zot:2    | Found a transporter.
 76728 | Zot:2    | Identified the +4 mace "Dokeyn" {holy, rPois rN++ Dex+3}
 76998 | Zot:3    | Found a transporter.
 77000 | Zot:3    | Noticed Aklawnof's ghost (legendary VSBe)
 77026 | Zot:2    | Lost mutation: You do not regenerate when monsters are
                  | visible. [potion of mutation]
 77026 | Zot:2    | Lost mutation: You occasionally lose the ability to drink
                  | potions when taking damage. [potion of mutation]
 77026 | Zot:2    | Lost mutation: You expend magic power (3 MP) to strengthen
                  | your wands. [potion of mutation]
 77026 | Zot:2    | Lost mutation: You are dopey. (Int -2) [potion of mutation]
 77026 | Zot:2    | Lost mutation: You are extremely strong-willed. (Will+++)
                  | [potion of mutation]
 77026 | Zot:2    | Lost mutation: You are highly strong-willed. (Will++)
                  | [potion of mutation]
 77026 | Zot:2    | Gained mutation: You are clumsy. (Dex -2) [potion of
                  | mutation]
 77026 | Zot:2    | Gained mutation: You are partially covered in iridescent
                  | scales. (AC +2) [potion of mutation]
 77026 | Zot:2    | Lost mutation: Your spells are a little easier to cast, but
                  | a little less powerful. [potion of mutation]
 77026 | Zot:2    | Gained mutation: Your muscles are strong. (Str +4, Int/Dex
                  | -1) [potion of mutation]
 77026 | Zot:2    | Gained mutation: You have hidden genetic potential. [potion
                  | of mutation]
 77078 | Zot:3    | Identified the +7 long sword "Wiwogoda" {spect, rC+ Will+
                  | Int+3} (Okawaru gifted it to you on level 3 of the Realm of
                  | Zot)
 77078 | Zot:3    | Received a gift from Okawaru
 77081 | Zot:3    | Found a transporter.
 77451 | Zot:3    | Found a white marble altar of Elyvilon.
 77620 | Zot:3    | Killed Aklawnof's ghost
 77629 | Zot:3    | Reached XP level 26. HP: 240/258 MP: 2/23
 77631 | Zot:3    | Identified the ring "Anapige" {MP+9 Int+4}
 77632 | Zot:3    | Identified the amulet of Amorality {Faith Rampage rF+
                  | Regen+}
 77898 | Zot:4    | Identified the +1 helmet "Cikelyup" {rC+}
 78116 | Zot:4    | Received a gift from Okawaru
 78181 | Zot:4    | Noticed an orb of fire
 78198 | Zot:4    | Gained mutation: You are vulnerable to heat. (rF-) [an orb
                  | of fire]
 78199 | Zot:4    | Lost mutation: You are strong-willed. (Will+) [potion of
                  | mutation]
 78199 | Zot:4    | Lost mutation: You are clumsy. (Dex -2) [potion of
                  | mutation]
 78199 | Zot:4    | Lost mutation: You have hidden genetic potential. [potion
                  | of mutation]
 78199 | Zot:4    | Lost mutation: You occasionally shout uncontrollably at
                  | your foes. [potion of mutation]
 78199 | Zot:4    | Lost mutation: You are vulnerable to heat. (rF-) [potion of
                  | mutation]
 78199 | Zot:4    | Lost mutation: Your muscles are strong. (Str +4, Int/Dex
                  | -1) [potion of mutation]
 78199 | Zot:4    | Gained mutation: You have a somewhat thin skeletal
                  | structure. (Dex +2, Stealth+) [potion of mutation]
 78199 | Zot:4    | Gained mutation: You are clumsy. (Dex -2) [potion of
                  | mutation]
 78199 | Zot:4    | Gained mutation: You possess an exceptional clarity of
                  | mind. [potion of mutation]
 78199 | Zot:4    | Gained mutation: You are dopey. (Int -2) [potion of
                  | mutation]
 78199 | Zot:4    | Gained mutation: Your tail ends in a venomous barb. [potion
                  | of mutation]
 78199 | Zot:4    | Gained mutation: Your flesh is cold resistant. (rC+)
                  | [potion of mutation]
 78204 | Zot:4    | Killed an orb of fire
 78204 | Zot:4    | Identified the +3 ring mail of the True Pharaoh {rElec rC-
                  | SInv} (Okawaru gifted it to you on level 4 of the Realm of
                  | Zot)
 78204 | Zot:4    | Received a gift from Okawaru
 78209 | Zot:4    | Reached skill level 25 in Shields
 78499 | Zot:4    | Got Fakkane's Handbook of The Black Sun
 78645 | Zot:5    | Entered Level 5 of the Realm of Zot
 78931 | Zot:5    | Noticed an ancient lich
 78962 | Zot:5    | Killed an ancient lich
 78988 | Zot:5    | Noticed an ancient lich
 78989 | Zot:5    | Noticed an orb of fire
 79035 | Zot:5    | Killed an ancient lich
 79161 | Zot:5    | Noticed a dread lich
 79165 | Zot:5    | Gained mutation: You have sharp toenails. [an orb of fire]
 79170 | Zot:5    | Killed a dread lich
 79186 | Zot:5    | Gained mutation: You are very dopey. (Int -4) [an orb of
                  | fire]
 79187 | Zot:5    | Gained mutation: You are frail. (-10% HP) [an orb of fire]
 79193 | Zot:5    | Killed an orb of fire
 79263 | Zot:5    | Noticed an orb of fire
 79277 | Zot:5    | Identified the +0 tower shield of Leckaenenu {-Cast rElec
                  | rPois rF-} (Okawaru gifted it to you on level 5 of the
                  | Realm of Zot)
 79277 | Zot:5    | Received a gift from Okawaru
 79281 | Zot:5    | Killed an orb of fire
 79412 | Zot:5    | Noticed an orb of fire
 79416 | Zot:5    | Noticed a dread lich
 79431 | Zot:5    | Killed a dread lich
 79435 | Zot:5    | Gained mutation: Your body sometimes deteriorates upon
                  | taking damage. [an orb of fire]
 79444 | Zot:5    | Gained mutation: Your tail ends in a sharp venomous barb.
                  | [an orb of fire]
 79448 | Zot:5    | Noticed an ancient lich
 79450 | Zot:5    | Killed an orb of fire
 79452 | Zot:5    | Noticed an ancient lich
 79452 | Zot:5    | Noticed an orb of fire
 79455 | Zot:5    | Noticed an orb of fire
 79458 | Zot:5    | Lost mutation: You possess an exceptional clarity of mind.
                  | [an orb of fire]
 79465 | Zot:5    | Killed an ancient lich
 79477 | Zot:5    | Gained mutation: Your body often deteriorates upon taking
                  | damage. [an orb of fire]
 79481 | Zot:5    | Gained mutation: Your magical capacity is low. (-10% MP)
                  | [an orb of fire]
 79488 | Zot:5    | Gained mutation: You are weak. (Str -2) [an orb of fire]
 79642 | Zot:4    | Lost mutation: You have sharp toenails. [potion of
                  | mutation]
 79642 | Zot:4    | Lost mutation: Your magical capacity is low. (-10% MP)
                  | [potion of mutation]
 79642 | Zot:4    | Lost mutation: You are partially covered in iridescent
                  | scales. (AC +2) [potion of mutation]
 79642 | Zot:4    | Lost mutation: You are very dopey. (Int -4) [potion of
                  | mutation]
 79642 | Zot:4    | Lost mutation: You are clumsy. (Dex -2) [potion of
                  | mutation]
 79642 | Zot:4    | Lost mutation: You are dopey. (Int -2) [potion of mutation]
 79642 | Zot:4    | Gained mutation: You occasionally shout uncontrollably at
                  | your foes. [potion of mutation]
 79642 | Zot:4    | Lost mutation: You have a somewhat thin skeletal structure.
                  | (Dex +2, Stealth+) [potion of mutation]
 79642 | Zot:4    | Gained mutation: You have an increased reservoir of magic.
                  | (+10% MP) [potion of mutation]
 79643 | Zot:4    | Lost mutation: You are frail. (-10% HP) [potion of
                  | mutation]
 79643 | Zot:4    | Lost mutation: You occasionally shout uncontrollably at
                  | your foes. [potion of mutation]
 79643 | Zot:4    | Lost mutation: Your tail ends in a sharp venomous barb.
                  | [potion of mutation]
 79643 | Zot:4    | Lost mutation: Your flesh is cold resistant. (rC+) [potion
                  | of mutation]
 79643 | Zot:4    | Lost mutation: You have an increased reservoir of magic.
                  | (+10% MP) [potion of mutation]
 79643 | Zot:4    | Lost mutation: Your body often deteriorates upon taking
                  | damage. [potion of mutation]
 79643 | Zot:4    | Gained mutation: Your body often deteriorates upon taking
                  | damage. [potion of mutation]
 79643 | Zot:4    | Gained mutation: You are somewhat resistant to further
                  | mutation. [potion of mutation]
 79643 | Zot:4    | Gained mutation: Your flesh is heat resistant. (rF+)
                  | [potion of mutation]
 79688 | Zot:5    | Killed an orb of fire
 79693 | Zot:5    | Killed an orb of fire
 79772 | Zot:5    | Got the Orb of Zot
 79835 | Zot:4    | Noticed Neto the pandemonium lord
 79956 | Depths:3 | Reached skill level 26 in Shields
 80289 | D:11     | Noticed Otoxu the pandemonium lord
 80394 | D:2      | Noticed Xafom the pandemonium lord
 80440 | D:$      | Escaped with the Orb!

Illustrated notes

Levels and vault maps discovered:
D:1:      lemuel_arrival_tunnels, layout_rooms, minmay_misc_feat_more_columns
D:2:      layout_loops_ring, basic_altar
D:3:      layout_basic, serial_shops, nicolae_shop_crystal
D:4:      layout_rooms, minmay_temple_entry_junction, serial_curves,
          eino_curves_02, eino_curves_01, minmay_close_crescents
D:5:      layout_basic, minitemple, serial_shops, nicolae_shop_hallway_stairs
D:6:      dreamdust_elfheim, layout_loops_ring, serial_shops,
          nicolae_shop_crystal, shop, shop, nicolae_shop_hallway_plus,
          nicolae_take_the_stairs, serial_bayou_ford_a
D:7:      layout_loops_corners, uniq_prince_ribbit1, uniq_menkaure, uniq_maggie,
          uniq_joseph
D:8:      layout_loops_ring, grunt_gozag_breadcrumbs,
          mainiacjoe_overflow_catwalk, chequers_arboretum
D:9:      layout_loops_corners, dpeg_lair_monsters
D:10:     layout_stronghold, mainiacjoe_overflow_brackets,
          overflow_temple_1_default, mainiacjoe_overflow_alcove_2, david_orc_2
D:11:     layout_long_grid, portal_ice_cave_rime, nicolae_shop_fire_sale
          [nicolae_sub_dead_trees], nicolae_diode_basic, uniq_erolcha,
          uniq_fannar, uniq_amaemon
D:12:     layout_roguey, roderic_serpentine_path
D:13:     kennysheep_room_grid, layout_gridville, david_vaults_5
D:14:     layout_stronghold, chequers_serial_rivers_marsh
D:15:     grunt_enter_depths_snipers, layout_loops_ring, serial_park_square2,
          uniq_rupert, uniq_kirke, uniq_josephine
Temple:   nicolae_temple_god_jail
Lair:1:   layout_misc_corridors, gammafunk_ghost_grave
Lair:2:   layout_hall_layers, minmay_snake_entry_guardpost_small,
          enter_volcano_4, gauntlet_entry_generic, basic_altar,
          hangedman_lair_unloving_vines, nicolae_lair_grazing_beasts
          [nicolae_sub_lair_graze_edge, nicolae_sub_lair_graze_edge,
          nicolae_sub_lair_graze_edge, nicolae_sub_lair_graze_edge], uniq_erica,
          uniq_urug
Lair:3:   layout_hall_layers, nicolae_shoals_entry_roost
Lair:4:   layout_misc_corridors, dpeg_slime_entry_enclosed,
          serial_bayou_lagoon_a, grunt_forest_large_clearings
Lair:5:   gammafunk_lair_ancient_temple, layout_loops_ring,
          chequers_serial_rivers_micro_e, serial_bayou_shore_a, uniq_snorg
Shoals:1: layout_shoals, nicolae_shoals_lost_giant_hut, lemuel_altar_in_water2
Shoals:2: layout_shoals, serial_shops, shop, nicolae_shop_bloodbath_and_beyond,
          nicolae_stop_n_shop_2
Shoals:3: layout_shoals, serial_shops, shop, hellmonk_ghost_happy_afterlife,
          lightli_airlock
Shoals:4: shoals_end_grunt_ice, layout_shoals, ebering_ghost_xom
Snake:1:  layout_chambers, drop_trap
Snake:2:  layout_basic, uniq_donald
Snake:3:  nicolae_snake_hallway, layout_grid_shapes, serial_shops, shop
Snake:4:  minmay_snake_end_coiled, layout_misc_corridors, drop_trap,
          nicolae_snake_coiling_death, minmay_shop_star
Orc:1:    layout_caves, ebering_ghost_gozag, serial_shops, basic_altar,
          bloody_makhleb
Orc:2:    st_orc_town, layout_caves, serial_shops, nicolae_lakefront_shop,
          uniq_maurice
Elf:1:    layout_geoelf_octagon, kennysheep_underground_church
Elf:2:    elven_hall_of_blades_hangedman_original [nicolae_blade_tridents],
          layout_onion_city, grunt_ministairs_10, minivault_16,
          guppyfry_elf_castle
Elf:3:    grunt_elf_hall_diamonds, layout_geoelf_castle, serial_shops,
          nicolae_shop_advertising_works [nicolae_subvault_shop_adworks],
          basic_altar, grunt_ministairs_15
Vaults:1: hangedman_vaults_corner_blocks, st_cross,
          ontoclasm_vaults_loading_screen, grunt_vaults_hallway_short,
          nicolae_vaults_theta, ontoclasm_vaults_decontamination,
          vaults_room_grunt_arrival_ludios, dpeg_vaults_monster_box, v_misc_27,
          nicolae_vaults_little_squares_4, layout_vaults_omnigrid
Vaults:2: mu_enter_wizlab_1, v_alt_pattern_6,
          minmay_crypt_entry_skeletal_spiral, nicolae_vaults_c_with_doors,
          v_misc_13, v_misc_12, hangedman_vaults_stagger,
          nicolae_vaults_network_quinsquares
          [nicolae_vaults_network_quincunx_subvault,
          nicolae_vaults_network_quincunx_subvault,
          nicolae_vaults_network_quincunx_subvault,
          nicolae_vaults_network_quincunx_subvault], v_alt_pattern_6,
          vaults_mumra_hexcomb, nicolae_vaults_angled_halls,
          grunt_vaults_hallway_short, layout_vaults_ring, serial_shops, shop,
          uniq_zenata
Vaults:3: hangedman_vaults_corner, st_octagons_1, hangedman_vaults_impose,
          vaults_room_fours, nicolae_vaults_little_squares_5,
          layout_vaults_chaotic_city, serial_shops, shop, uniq_saint_roka
Vaults:4: portal_desolation_entry_nicolae_slug, ontoclasm_vaults_loading_screen,
          nicolae_vaults_murderbox, nicolae_vaults_network_quincunx
          [nicolae_vaults_network_quincunx_subvault,
          nicolae_vaults_network_quincunx_subvault,
          nicolae_vaults_network_quincunx_subvault,
          nicolae_vaults_network_quincunx_subvault,
          nicolae_vaults_network_quincunx_subvault], vaults_mumra_chevron_long,
          vaults_room_hallway, v_misc_29, nicolae_vaults_rhombus_6,
          vaults_room_pool, vaults_dpeg_diagonal, vaults_room_corners,
          layout_vaults_maze_snakey, enter_trove_6, uniq_mennas
Vaults:5
Crypt:1:  layout_misc_corridors, serial_sigils, serial_sigils_hangedman_scratch,
          serial_sigils_hangedman_gnaw, serial_sigils_hangedman_leer,
          serial_sigils_hangedman_writhe
Crypt:2:  layout_misc_corridors, uniq_khufu
Crypt:3:  church_of_pain_bobbens, layout_chaotic_city,
          nicolae_tomb_entry_grand_gallery
Depths:1: layout_honeycomb, enter_ziggurat_b, grunt_decor_one_mirror,
          rand_demon_pan_entry_9, hangedman_coc_ice_floe,
          kennysheep_flooded_box, kiku_gazebo_garden_becter, uniq_mara
Depths:2: kennysheep_green_arena, layout_basic, hell_entry,
          grunt_pan_entry_sceptre, chequers_serial_rivers_small_3
Depths:3: evilmike_diamond_2, layout_long_grid, nicolae_titane, hell_entry,
          abyss_entry_small_statue_room, serial_bayou_shore_b
Depths:4: grunt_zot_entry_bicorn, layout_gridville, grunt_mini_vestibule,
          chequers_serial_rivers_small_b, ebering_ghost_disaster_area, uniq_vv,
          uniq_grunn
Zot:1:    layout_misc_corridors
Zot:2:    gammafunk_the_bubble [the_bubble_gammafunk_split],
          layout_twisted_circle, grunt_megastairs_3
Zot:3:    layout_misc_corridors, gammafunk_ghost_arena, basic_altar
Zot:4:    dreamdust_black_sun_cult, layout_cathedral_of_symmetry
Zot:5:    layout_twisted_circle

Skill      XL: |  1  2  3  4  5  6  7  8  9 10 11 12 13 14 15 16 17 18 19 20 21 22 23 24 25 26 |
---------------+-------------------------------------------------------------------------------+-----
Fighting       | 3 4 5 6 7 8 9 10 11 12 13 14 15 16 17 19 20 21 | 21.8
Armour         | 4 5 6 7 8 10 11 12 13 14 15 16 17 18 19 20 21 22 23 24 25 | 25.2
Axes           | 2 3 4 5 6 7 8 9 10 11 12 13 14 15 16 17 | 17.0
Shields        | 4 5 6 7 8 9 10 11 12 13 14 15 16 17 18 20 21 23 24 26 | 26.0
Evocations     | 3 4 6 7 8 9 10 11 12 13 14 15 16 17 18 19 | 19.4
Dodging        | 2 4 5 6 7 8 9 10 11 12 14 15 16 17 | 17.3

Action                     |  1- 3 |  4- 6 |  7- 9 | 10-12 | 13-15 | 16-18 | 19-21 | 22-24 | 25-27 || total
---------------------------+-------+-------+-------+-------+-------+-------+-------+-------+-------++-------
  Melee: War axe           |    89 |   145 |   128 |   425 |   675 |  1033 |  1826 |  1657 |    16 ||  5994
         Tailslap          |     6 |    17 |    15 |    76 |   178 |   252 |   588 |   608 |   354 ||  2094
         Scimitar          |       |       |       |       |     6 |       |       |       |       ||     6
         Broad axe         |       |       |       |       |     8 |       |       |       |  1005 ||  1013
         Labrys            |       |       |       |       |       |       |       |       |    22 ||    22
  Evoke: Wand              |       |       |     1 |    33 |    25 |    44 |    25 |     2 |     3 ||   133
         Lightning rod     |       |       |       |       |     4 |    13 |       |     1 |       ||    18
    Use: Scroll            |     4 |       |     7 |    16 |    11 |    13 |    12 |     1 |    18 ||    82
         Potion            |       |     4 |     7 |     7 |    16 |     5 |     6 |     5 |    26 ||    76
   Stab: Invisible         |       |       |       |       |     2 |       |       |     6 |     1 ||     9
         Fleeing           |       |       |       |       |     1 |       |       |       |       ||     1
         Distracted        |       |       |       |       |       |     1 |     1 |       |     1 ||     3
         Petrifying        |       |       |       |       |       |       |       |     2 |       ||     2
 Armour: Scale mail        |    61 |    27 |       |       |       |       |       |       |       ||    88
         Chain mail        |       |    62 |    12 |       |       |       |       |       |       ||    74
         Plate armour      |       |       |    55 |   129 |       |       |       |       |       ||   184
         Crystal plate arm |       |       |       |    90 |   425 |   568 |   832 |   748 |   330 ||  2993
         Ice dragon scales |       |       |       |    24 |       |       |       |       |       ||    24
  Dodge: Dodged            |    39 |    35 |    37 |   193 |   315 |   300 |   462 |   630 |   302 ||  2313
  Block: Buckler           |    23 |    37 |    52 |   171 |    14 |       |       |       |       ||   297
         Kite shield       |       |       |       |       |   535 |   697 |  1192 |  1647 |  1106 ||  5177
         Reflection        |       |       |       |       |    31 |   125 |    77 |    86 |    25 ||   344
Riposte: War axe           |       |       |       |    76 |   235 |   244 |   450 |   573 |     5 ||  1583
         Scimitar          |       |       |       |       |     5 |       |       |       |       ||     5
         Broad axe         |       |       |       |       |     3 |       |       |       |   353 ||   356
         Labrys            |       |       |       |       |       |       |       |       |    12 ||    12

Table legend: (Time is in decaauts)
 A = Elapsed time spent in this place.
 B = Non-inter-level travel time spent in this place.
 C = Inter-level travel time spent in this place.
 D = Time resting spent in this place.
 E = Time spent auto-exploring this place.
 F = Levels seen in this place.
 G = Mean time per level.
                   A        B        C        D        E       F      G
               +--------+--------+--------+--------+--------+-----+--------+
         Total |  79818 |  61959 |  17859 |  22694 |  16565 |  57 | 1400.3 |
       Dungeon |  18833 |  15624 |   3209 |   3685 |   8809 |  15 | 1255.5 |
        Temple |     51 |     51 |      0 |      0 |     28 |   1 |   51.0 |
          Lair |   5674 |   4916 |    758 |   1063 |   2598 |   5 | 1134.8 |
        Shoals |   2535 |   1792 |    743 |    429 |     24 |   4 |  633.8 |
     Snake Pit |   7958 |   7198 |    760 |   3270 |   2533 |   4 | 1989.5 |
  Orcish Mines |   2945 |   2182 |    763 |    990 |    579 |   2 | 1472.5 |
   Elven Halls |   8738 |   7211 |   1527 |   4159 |    639 |   3 | 2912.7 |
        Vaults |  12239 |   7216 |   5023 |   3126 |    708 |   5 | 2447.8 |
         Crypt |   7044 |   6168 |    876 |   3050 |    507 |   3 | 2348.0 |
        Depths |   6819 |   4477 |   2342 |   1429 |     43 |   4 | 1704.8 |
           Zot |   4179 |   2325 |   1854 |    549 |      0 |   5 |  835.8 |
         Abyss |    484 |    484 |      0 |     20 |      0 |   2 |  242.0 |
         Trove |     93 |     93 |      0 |      0 |      0 |   1 |   93.0 |
      Ice Cave |    911 |    911 |      0 |    497 |     85 |   1 |  911.0 |
        Wizlab |    511 |    511 |      0 |    165 |     12 |   1 |  511.0 |
    Desolation |    797 |    797 |      0 |    259 |      0 |   1 |  797.0 |
               +--------+--------+--------+--------+--------+-----+--------+

Top non-repeatable levels by time:
   Elf:2: 5037 daAuts
Vaults:4: 3748 daAuts
 Snake:4: 2914 daAuts
Vaults:1: 2676 daAuts
 Crypt:2: 2469 daAuts
 Crypt:3: 2440 daAuts
   Elf:3: 2308 daAuts
    D:13: 2177 daAuts
Vaults:3: 2169 daAuts
 Crypt:1: 2134 daAuts
Vaults:2: 2105 daAuts
Depths:3: 2090 daAuts
    D:15: 1920 daAuts
   Orc:2: 1898 daAuts
 Snake:1: 1888 daAuts
